 Dungeon Crawl Stone Soup version 0.30-a0-389-g8d7d949f56 (webtiles) character file.

Game seed: 8423656426186357128

186 bande the Covered (level 5, 0/33 HPs)
             Began as a Gargoyle Fighter on Dec 4, 2022.
             Frozen to death by an endoplasm (3 damage)
             ... in a sewer.
             The game lasted 00:03:26 (2418 turns).

bande the Covered (Gargoyle Fighter)                Turns: 2418, Time: 00:03:27

Health: 0/33       AC: 12    Str: 19    XL:     5   Next: 66%
Magic:  5/5        EV:  9    Int:  9    God:
Gold:   91         SH:  0    Dex: 11    Spells: 4/4 levels left

rFire   . . .      SeeInvis +    a - +0 war axe
rCold   . . .      Faith    .    c - +0 buckler
rNeg    + . .      Spirit   .    b - +0 scale mail
rPois   ∞          Reflect  .    (no helmet)
rElec   +          Harm     .    (no cloak)
rCorr   .          Rampage  .    n - +0 pair of gloves
Will    .....                    (no boots)
Stlth   ..........               (no amulet)
HPRegen 0.25/turn                i - ring of see invisible
MPRegen 0.09/turn                (no ring)

@: confused, mighty, ambrosia-drunk, very slow
A: sickness immunity, AC +4, negative energy resistance 1, electricity
resistance, torment resistance 1, petrification resistance
a: no special abilities


You were in a sewer.
You visited 1 branch of the dungeon, and saw 3 of its levels.
You also visited: Sewer.

You collected 91 gold pieces.

Inventory:

Hand Weapons
 a - a +0 war axe (weapon)
Armour
 b - a +0 scale mail (worn)
 c - a +0 buckler (worn)
 n - a +0 pair of gloves (worn)
Jewellery
 i - a ring of see invisible (left hand)
Wands
 l - a wand of quicksilver (9)
Scrolls
 h - 2 scrolls of identify
 j - a scroll of enchant armour {unknown}
 p - a scroll of immolation {unknown}
 q - a scroll of teleportation {unknown}
 r - a scroll of fear {unknown}
Potions
 d - a potion of might
 e - 5 potions of flight
 f - a potion of haste
 g - a potion of degeneration {unknown}
 k - 2 potions of curing {unknown}
 m - 2 potions of ambrosia
 o - 2 potions of heal wounds {unknown}


   Skills:
 + Level 4.0 Fighting
 + Level 3.4 Axes
 + Level 4.2 Armour
 + Level 3.9 Shields
 * Level 1.3 Evocations


You had 4 spell levels left.
You didn't know any spells.
Your spell library was empty.

Dungeon Overview and Level Annotations

Branches:
Dungeon (3/15)              Sewer (1/1)

Altars:

Shops:
D:2 =


Innate Abilities, Weirdness & Mutations

You are immune to sickness and miasma.
Your stone body is resilient. (AC +4)
You are immune to poison.
You resist negative energy. (rN+)
You are resistant to electric shocks. (rElec)
You are resistant to unholy torment.
You are immune to petrification.


Message History

The endoplasm jiggles.
The bullfrog hits you but does no damage.
The ball python bites you.
* * * LOW HITPOINT WARNING * * *
The ball python constricts you. The ball python closely misses you.
You slash the bullfrog!
The bullfrog is almost dead.
You slash the ball python!
You kill the ball python!
You miss the adder. You slash the bullfrog! You closely miss the ball python.
The bullfrog closely misses you. The adder barely misses you.
The bullfrog barely misses you.
The bullfrog hits you but does no damage.
You block the ball python's attack. The ball python constricts you.
The adder bites you but does no damage. The bullfrog hits you.
* * * LOW HITPOINT WARNING * * *
You barely miss the bullfrog.
The bullfrog is almost dead.
You closely miss the adder. You slash the bullfrog! You hit the ball python.
You kill the ball python!
You slash the endoplasm!
You kill the endoplasm!
The bullfrog hits you.
* * * LOW HITPOINT WARNING * * *
The bullfrog hits you.
* * * LOW HITPOINT WARNING * * *
The adder bites you but does no damage. You block the bullfrog's attack.
The bullfrog hits you but does no damage.
The adder bites you.
* * * LOW HITPOINT WARNING * * *
You are confused.
You feel invigorated.
The bullfrog hits you but does no damage.
The bullfrog hits you.
* * * LOW HITPOINT WARNING * * *
The adder closely misses you.
The bullfrog hits you but does no damage.
The endoplasm freezes you.
You are frozen.
You die...

#####.. #..'... #..#...
####... #
##################.†.†
..#≈≈≈≈≈≈≈≈≈≈≈≈≈≈≈......
...≈≈≈≈≈≈≈≈≈≈≈≈≈≈≈.....#
...#~~~FF≈≈≈≈≈~~~~.....#
...~≈≈J@≈≈≈#~~~≈≈≈.....#
...≈≈≈≈S~..~≈≈≈≈≈≈....##
...≈≈≈≈≈≈≈≈≈≈≈≈≈≈≈..###
#####################


You could see 2 bullfrogs, an adder and an endoplasm.

Vanquished Creatures
  4 river rats (Sewer)
  7 adders
  A worm (D:2)
  6 endoplasms
  3 giant cockroaches
  5 goblins
  5 hobgoblins
  7 jackals
  5 kobolds
  A quokka (D:1)
  12 ball pythons
  5 bats
  3 frilled lizards
  23 rats
87 creatures vanquished.

Notes
Turn   | Place    | Note
-------+----------+-------------------------------------------
     0 | D:1      | bande the Gargoyle Fighter began the quest for the Orb.
     0 | D:1      | Reached XP level 1. HP: 14/14 MP: 1/1
   242 | D:1      | Reached XP level 2. HP: 19/19 MP: 2/2
   713 | D:1      | Reached XP level 3. HP: 24/24 MP: 3/3
   936 | D:2      | Found Mappasy's Jewellery Boutique.
  1163 | D:2      | Identified the +3 whip "Edous" {speed, Str+2 SInv}
  1273 | D:2      | Reached XP level 4. HP: 29/29 MP: 4/4
  1546 | D:3      | Found a glowing drain.
  1575 | Sewer    | Entered a sewer
  1621 | Sewer    | Reached skill level 1 in Evocations
  1645 | Sewer    | Reached XP level 5. HP: 33/33 MP: 5/5
  2418 | Sewer    | Frozen to death by an endoplasm

Illustrated notes

Levels and vault maps discovered:
D:1:      psy_arrival_wood_between_worlds, layout_basic
D:2:      layout_basic, serial_shops, nicolae_shop_advertising_works
          [nicolae_subvault_shop_adworks], kennysheep_generic_room_6
D:3:      layout_basic, ebering_ecumenical_altar_rust, gup_sewer_entry_glass
Sewer:    sewer_minmay_w

Skill      XL: |  1  2  3  4  5 |
---------------+----------------+-----
Axes           | 2 3 |  3.4
Evocations     | 1 |  1.3
Armour         | 4 |  4.2
Fighting       | 4 |  4.0
Shields        | |  3.9

Action                   |  1- 3 |  4- 6 || total
-------------------------+-------+-------++-------
Melee: War axe           |   108 |   131 ||   239
  Use: Scroll            |       |     4 ||     4
       Potion            |       |     4 ||     4
Armor: Scale mail        |    69 |   145 ||   214
Dodge: Dodged            |    58 |   120 ||   178
Block: Buckler           |    36 |    54 ||    90

Table legend: (Time is in decaauts)
 A = Elapsed time spent in this place.
 B = Non-inter-level travel time spent in this place.
 C = Inter-level travel time spent in this place.
 D = Time resting spent in this place.
 E = Time spent auto-exploring this place.
 F = Levels seen in this place.
 G = Mean time per level.
                   A        B        C        D        E       F      G
               +--------+--------+--------+--------+--------+-----+--------+
         Total |   2527 |   2465 |     62 |    554 |   1345 |   4 |  631.8 |
       Dungeon |   1631 |   1569 |     62 |      0 |   1225 |   3 |  543.7 |
         Sewer |    896 |    896 |      0 |    554 |    120 |   1 |  896.0 |
               +--------+--------+--------+--------+--------+-----+--------+

Top non-repeatable levels by time:
     D:1: 904 daAuts
   Sewer: 896 daAuts
     D:2: 659 daAuts
     D:3: 67 daAuts
